AoeStats
← PEPEroncini

Lombardia

507534874Analyzed
3v3 RM · 14d ago on Sep 18, 2026· 85m 25s· 6 players
Game mode
Random Map
Map size
Normal (6 player)
Population
200
Speed
Normal
Resources
Standard
Victory
Conquest
Starting age
Dark Age
Ending age
Imperial Age
RankedLock teamsTeams togetherTeam positionsShared explorationLock speedFull tech treeHidden civsTurbo modeCheats
Victory
Defeat
🇪🇸 Ethiopians · Spain
846
+14
🇱🇻 Khitans · Latvia
821
+15
🇩🇪 Spanish · Germany
804
+16
🇸🇪 Hindustanis · Sweden
862
-18
🇨🇭 Tupi · Switzerland
786
-14
🇩🇪 Britons · Germany
754
-13
ThoricFaun3883
0:37 Loom
14:00 Feudal Age
14:39 Domestication
15:55 Double-Bit Axe
17:39 Wheelbarrow
17:30 Gold Mining
17:35 Stone Mining
18:00 Man-at-Arms
23:45 Castle Age
24:20 Fletching
24:31 Padded Archer Armor
27:20 Leather Archer Armor
27:48 Crossbowman
29:08 Pikeman
29:49 Squires
34:52 Fervor
35:58 Caravan
36:55 Hand Cart
37:14 Pastoralism
37:34 Bow Saw
39:02 Ballistics
38:38 Murder Holes
39:12 Bodkin Arrow
39:04 Treadmill Crane
44:23 Forging
46:47 Imperial Age
44:51 Fortified Wall
45:54 Scale Mail Armor
46:24 Guard Tower
46:45 Masonry
46:41 Town Watch
48:08 Iron Casting
49:47 Bracer
50:08 Elite Skirmisher
54:44 Ring Archer Armor
54:21 Scale Barding Armor
56:24 Heavy Rocket Cart
59:02 Two-Man Saw
59:01 Squires
62:03 Elite Steppe Lancer
62:44 Husbandry
62:05 Light Cavalry
63:35 Town Patrol
64:43 Conscription
67:01 Chain Barding Armor
72:28 Thumb Ring
74:34 Capped Ram
76:51 Ordo Cavalry
76:53 Lamellar Armor
82:54 Parthian Tactics
82:23 Siege Ram
83:45 Chain Mail Armor
kikekalimar
13:32 Feudal Age
15:08 Double-Bit Axe
16:00 Wheelbarrow
15:17 Gold Mining
15:17 Stone Mining
14:53 Man-at-Arms
18:57 Fletching
19:08 Padded Archer Armor
21:15 Castle Age
21:52 Crossbowman
22:40 Thumb Ring
22:41 Loom
23:58 Stone Shaft Mining
25:40 Bow Saw
25:39 Long Swordsman
28:22 Bodkin Arrow
28:43 Leather Archer Armor
29:54 Caravan
31:29 Forging
31:19 Scale Mail Armor
38:06 Imperial Age
37:30 Gold Shaft Mining
38:46 Royal Heirs
38:36 Arbalester
39:32 Bracer
41:01 Iron Casting
43:28 Ring Archer Armor
43:49 Ballistics
44:31 Chemistry
43:52 Ballistics
43:43 Fortified Wall
43:28 Murder Holes
44:58 Elite Shotel Warrior
48:25 Guilds
48:18 Heated Shot
49:12 Heavy Scorpion
54:06 Blast Furnace
53:21 Chain Mail Armor
53:35 Two-Handed Swordsman
54:41 Elite Skirmisher
56:08 Onager
57:21 Halberdier
59:24 Plate Mail Armor
58:59 Scale Barding Armor
67:15 Hand Cart
69:15 Onager
73:17 Squires
84:34 Heavy Camel Rider
sTaZero
12:12 Feudal Age
12:24 Loom
16:32 Castle Age
15:57 Double-Bit Axe
15:54 Horse Collar
26:03 Gold Mining
31:43 Imperial Age
28:39 Pikeman
30:33 Bow Saw
30:39 Heavy Plow
31:19 Wheelbarrow
31:50 Husbandry
32:00 Bloodlines
31:48 Stone Mining
32:06 Cavalier
33:15 Hand Cart
34:10 Paladin
36:54 Forging
36:44 Scale Mail Armor
36:49 Scale Barding Armor
38:10 Iron Casting
38:22 Caravan
39:46 Two-Man Saw
39:18 Town Watch
39:52 Chain Mail Armor
39:57 Chain Barding Armor
42:01 Blast Furnace
41:48 Plate Mail Armor
43:14 Halberdier
45:42 Squires
45:27 Arson
49:17 Conscription
49:33 Hoardings
51:45 Plate Barding Armor
51:00 Fletching
51:10 Padded Archer Armor
51:08 Light Cavalry
55:07 Hussar
59:07 Bodkin Arrow
59:27 Leather Archer Armor
66:18 Bracer
66:49 Ring Archer Armor
67:22 Chemistry
66:43 Ballistics
66:34 Fortified Wall
66:14 Guard Tower
66:34 Masonry
68:34 Town Patrol
72:12 Elite Conquistador
Akreed
4:55 Loom
10:22 Feudal Age
11:16 Double-Bit Axe
17:34 Castle Age
16:14 Wheelbarrow
15:43 Horse Collar
20:10 Bow Saw
21:38 Scale Barding Armor
22:26 Bloodlines
22:20 Husbandry
21:41 Light Cavalry
24:08 Heavy Plow
25:06 Forging
26:45 Chain Barding Armor
28:32 Iron Casting
32:49 Fletching
36:06 Bodkin Arrow
36:12 Padded Archer Armor
39:28 Gold Mining
39:29 Stone Mining
39:57 Hand Cart
39:28 Town Watch
42:29 Imperial Age
40:52 Leather Archer Armor
41:07 Ballistics
40:59 Fortified Wall
40:59 Masonry
40:46 Murder Holes
45:19 Chemistry
44:26 Siege Engineers
46:44 Ring Archer Armor
46:54 Plate Barding Armor
47:20 Blast Furnace
46:30 Heavy Camel Rider
46:32 Hussar
49:36 Elite Ghulam
50:31 Grand Trunk Road
52:24 Imperial Camel Rider
53:53 Elite Skirmisher
54:40 Thumb Ring
55:26 Caravan
56:32 Scale Mail Armor
56:33 Bracer
65:20 Chain Mail Armor
PEPEroncini
9:55 Feudal Age
10:11 Feudal Age
10:30 Loom
11:31 Double-Bit Axe
14:52 Champi Runner
16:25 Horse Collar
17:29 Arson
21:29 Wheelbarrow
21:32 Forging
22:59 Gold Mining
23:06 Stone Mining
24:18 Town Watch
26:02 Scale Mail Armor
25:56 Fletching
28:34 Castle Age
27:55 Padded Archer Armor
30:10 Iron Casting
29:44 Bodkin Arrow
30:29 Hand Cart
29:39 Elite Skirmisher
29:44 Champi Warrior
30:48 Bow Saw
31:53 Heavy Plow
32:14 Leather Archer Armor
32:04 Squires
33:40 Chain Mail Armor
35:12 Caravan
36:47 Gold Shaft Mining
40:36 Imperial Age
40:36 Caciques
41:33 Bracer
42:04 Plate Mail Armor
42:39 Two-Man Saw
41:29 Elite Blackwood Archer
41:36 Elite Champi Warrior
44:50 Ring Archer Armor
43:58 Capped Ram
45:41 Siege Ram
48:05 Curare
61:19 Ballistics
62:57 Murder Holes
66:07 Chemistry
BiTTensor
11:04 Feudal Age
11:34 Loom
11:44 Double-Bit Axe
13:27 Wheelbarrow
13:32 Horse Collar
17:26 Stone Mining
20:02 Castle Age
21:24 Bow Saw
21:16 Heavy Plow
25:11 Gold Mining
26:26 Pikeman
34:33 Imperial Age
32:33 Forging
32:29 Padded Archer Armor
32:40 Gambesons
32:54 Fletching
34:41 Elite Skirmisher
35:45 Ballistics
35:48 Conscription
35:06 Halberdier
37:31 Caravan
39:27 Two-Man Saw
39:47 Gold Shaft Mining
39:48 Elite Longbowman
40:28 Bodkin Arrow
40:50 Leather Archer Armor
40:37 Scale Mail Armor
48:41 Chain Mail Armor
49:04 Iron Casting
48:32 Bracer
51:46 Fortified Wall
52:07 Yeomen
51:19 Capped Ram
62:33 Chemistry
61:44 Guard Tower
62:11 Masonry
62:09 Siege Engineers
62:03 Murder Holes
61:49 Treadmill Crane
61:55 Arrowslits
62:33 Cavalier
63:14 Husbandry
63:53 Ring Archer Armor
63:31 Scale Barding Armor
63:57 Plate Mail Armor
64:29 Blast Furnace
72:29 Chain Barding Armor
Connection lost

Rejoining the realm…

Still unreachable

The connection could not be restored.

Session expired

The server has moved on; the page needs a fresh start.